Construct Infanterie Kompanie
Selects Mechanized Battlegroup
Construct Luftwaffe Kompanie
Selects Mobile Repair Stations
Luftwaffe Officer Quarters
Selects Wespe Self-propelled Artillery
Wespe Self-propelled Artillery
Wespe Self-propelled Artillery
Construct Panzer Kompanie
Flak 30 Anti-aircraft Gun Team
Selects Zeroing Artillery Barrage
Selects StuG Assault Group
Selects UNKNOWN (2160084)
Zeroing Artillery Barrage
Zeroing Artillery Barrage
Zeroing Artillery Barrage